| TOP OF THE 1ST |
|
El Paso Sun Kings batting - Pitching for Dallas-Fort Worth Rangers : RHP Roy J Thomas
|
|
Pitching: RHP Roy J Thomas
|
|
|
Batting: LHB Leo Sutherland
|
0-0: Ball 1-0: Ball 2-0: Foul Ball, location: 2F 2-1: Foul Ball, location: 2F 2-2: Ball 3-2: Ground out 4-3 (Groundball, 34, EV 105.6 MPH)
|
|
Batting: RHB Danny Ramires
|
0-0: Ground out 5-3 (Groundball, 56, EV 90.0 MPH)
|
|
Batting: LHB Dom Fucci
|
0-0: Ball 1-0: Swinging Strike 1-1: Foul Ball, location: 2F 1-2: Foul Ball, location: 2F 1-2: Foul Ball, location: 2F 1-2: Ball 2-2: Foul Ball, location: 2F 2-2: Foul Ball, location: 2F 2-2: Ball 3-2: Fly out, F7 (Line Drive, 7, EV 92.5 MPH)
|
| Top of the 1st over - 0 runs, 0 hits, 0 errors, 0 left on base; El Paso 0 - Dallas-Fort Worth 0 |
| BOTTOM OF THE 1ST |
|
Dallas-Fort Worth Rangers batting - Pitching for El Paso Sun Kings : RHP Antão Camps
|
|
Pitching: RHP Antão Camps
|
|
|
Batting: RHB Phil Bradley
|
0-0: Foul Ball, location: 2F 0-1: Ball 1-1: Called Strike 1-2: Ball 2-2: Foul Ball, location: 2F 2-2: Ball 3-2: Fly out, F7 (Flyball, 78S, EV 90.0 MPH)
|
|
Batting: LHB Lee Pruitt
|
0-0: Ball 1-0: Foul Ball, location: 2F 1-1: Called Strike 1-2: Ground out 4-3 (Groundball, 4, EV 80.0 MPH)
|
|
Batting: RHB Pat Casey
|
0-0: Ball 1-0: Swinging Strike 1-1: Ball 2-1: Fly out, F4 (Popup, 4, EV 50.0 MPH)
|
| Bottom of the 1st over - 0 runs, 0 hits, 0 errors, 0 left on base; El Paso 0 - Dallas-Fort Worth 0 |
| TOP OF THE 2ND |
|
El Paso Sun Kings batting - Pitching for Dallas-Fort Worth Rangers : RHP Roy J Thomas
|
|
Batting: RHB Paul Szymarek
|
0-0: Foul Ball, location: 2F 0-1: Ball 1-1: Foul Ball, location: 2F 1-2: Ball 2-2: Foul Ball, location: 2F 2-2: Foul Ball, location: 2F 2-2: Hit by Pitch
|
|
Batting: RHB Jon Hansen
|
0-0: Ball 1-0: Fielders Choice at 2nd, 6-4 (Groundball, 6, EV 85.6 MPH)
|
|
Batting: LHB Franklin Lopez
|
0-0: Ball 1-0: Ball 2-0: Fly out, F4 (Flyball, 3D, EV 96.9 MPH)
|
|
Batting: RHB Michael Hanson
|
0-0: Ball 1-0: Called Strike 1-1: Ball 2-1: Foul Ball, location: 2F 2-2: Strikes out swinging
|
| Top of the 2nd over - 0 runs, 0 hits, 0 errors, 1 left on base; El Paso 0 - Dallas-Fort Worth 0 |
| BOTTOM OF THE 2ND |
|
Dallas-Fort Worth Rangers batting - Pitching for El Paso Sun Kings : RHP Antão Camps
|
|
Batting: RHB Joe Carter
|
0-0: SINGLE (Groundball, 6D, EV 96.9 MPH)
|
|
Batting: LHB Dave Falcone
|
0-0: Ball 1-0: Ball 2-0: Called Strike 2-1: SINGLE (Line Drive, 9LS, EV 95.0 MPH) Joe Carter to second Runner from 2nd tries for 3rd, SAFE, no throw by RF
|
|
Batting: LHB Mario Delgado
|
0-0: Ball 1-0: Called Strike 1-1: Ground out 4-3 (Groundball, 34D, EV 93.1 MPH) Joe Carter scores Dave Falcone to second
|
|
Batting: RHB Dave Aponte
|
0-0: Ball 1-0: Ball 2-0: Called Strike 2-1: Ball 3-1: Foul Ball, location: 2F 3-2: Ground out 4-3 (Groundball, 4, EV 83.1 MPH) Dave Falcone to third
|
|
Batting: RHB Dave Miele
|
0-0: Foul Ball, location: 2F 0-1: Called Strike 0-2: Ball 1-2: 2-RUN HOME RUN (Flyball, 9D, EV 104.4 MPH), Distance : 372 ft
|
|
Batting: RHB Johnnie LeMaster
|
0-0: Fly out, F9 (Flyball, 9LS, EV 82.5 MPH)
|
| Bottom of the 2nd over - 3 runs, 3 hits, 0 errors, 0 left on base; El Paso 0 - Dallas-Fort Worth 3 |
| TOP OF THE 3RD |
|
El Paso Sun Kings batting - Pitching for Dallas-Fort Worth Rangers : RHP Roy J Thomas
|
|
Batting: SHB Wayne Stone
|
0-0: Ball 1-0: Ball 2-0: Ground out 4-3 (Groundball, 4, EV 85.6 MPH)
|
|
Batting: RHB Vito Lucarelli
|
0-0: Ball 1-0: Foul Ball, location: 2F 1-1: Ball 2-1: Ground out 5-3 (Groundball, 56S, EV 70.0 MPH)
|
|
Batting: LHB Leo Sutherland
|
0-0: Called Strike 0-1: Called Strike 0-2: Ball 1-2: Foul Ball, location: 2F 1-2: Fly out, F7 (Flyball, 7S, EV 96.3 MPH)
|
| Top of the 3rd over - 0 runs, 0 hits, 0 errors, 0 left on base; El Paso 0 - Dallas-Fort Worth 3 |
| BOTTOM OF THE 3RD |
|
Dallas-Fort Worth Rangers batting - Pitching for El Paso Sun Kings : RHP Antão Camps
|
|
Batting: RHB Phil Bradley
|
0-0: Swinging Strike 0-1: Called Strike 0-2: Ball 1-2: Ball 2-2: Ball 3-2: Foul Ball, location: 2F 3-2: Base on Balls
|
|
Batting: LHB Lee Pruitt
|
0-0: Fly out, F4 (Popup, 34D, EV 56.9 MPH)
|
|
Batting: RHB Pat Casey
|
0-0: Called Strike 0-1: Ball Wild Pitch! Phil Bradley to second 1-1: Foul Ball, location: 2F 1-2: 2-RUN HOME RUN (Flyball, 89XD, EV 104.4 MPH), Distance : 400 ft
|
|
Batting: RHB Joe Carter
|
0-0: Called Strike 0-1: Foul Ball, location: 2F 0-2: Fly out, F8 (Line Drive, 8LM, EV 90.6 MPH)
|
|
Batting: LHB Dave Falcone
|
0-0: Ball 1-0: Foul Ball, location: 2F 1-1: Ball 2-1: DOUBLE (Line Drive, 78D, EV 109.4 MPH)
|
|
Batting: LHB Mario Delgado
|
0-0: Ball 1-0: Ball 2-0: Called Strike 2-1: SINGLE (Line Drive, 8RS, EV 100.6 MPH) Dave Falcone to third
|
|
Batting: RHB Dave Aponte
|
0-0: Called Strike 0-1: Ball 1-1: Called Strike 1-2: Ball 2-2: SINGLE (Flyball, 8RS, EV 90.6 MPH) Dave Falcone scores Mario Delgado to second Runner from 2nd tries for 3rd, SAFE, no throw by CF
|
|
Pitching: RHP James Rogers
|
|
|
Batting: RHB Dave Miele
|
0-0: Swinging Strike 0-1: Foul Ball, location: 2F 0-2: Ball 1-2: Foul Ball, location: 2F 1-2: Ball 2-2: Fielders Choice at 2nd, 6-4 (Groundball, 56, EV 90.0 MPH)
|
| Bottom of the 3rd over - 3 runs, 4 hits, 0 errors, 2 left on base; El Paso 0 - Dallas-Fort Worth 6 |
| TOP OF THE 4TH |
|
El Paso Sun Kings batting - Pitching for Dallas-Fort Worth Rangers : RHP Roy J Thomas
|
|
Batting: RHB Danny Ramires
|
0-0: Ground out U3 (Groundball, 34, EV 105.0 MPH)
|
|
Batting: LHB Dom Fucci
|
0-0: Swinging Strike 0-1: Called Strike 0-2: Strikes out swinging, 2-3 out at first.
|
|
Batting: RHB Paul Szymarek
|
0-0: Ball 1-0: Ball 2-0: Called Strike 2-1: Foul Ball, location: 2F 2-2: Fly out, F8 (Flyball, 8RD, EV 81.9 MPH)
|
| Top of the 4th over - 0 runs, 0 hits, 0 errors, 0 left on base; El Paso 0 - Dallas-Fort Worth 6 |
| BOTTOM OF THE 4TH |
|
Dallas-Fort Worth Rangers batting - Pitching for El Paso Sun Kings : RHP James Rogers
|
|
Batting: RHB Johnnie LeMaster
|
0-0: Fly out, F7 (Flyball, 78M, EV 96.9 MPH)
|
|
Batting: RHB Phil Bradley
|
0-0: Ball 1-0: Called Strike 1-1: Ball 2-1: Fly out, F9 (Flyball, 9S, EV 89.4 MPH)
|
|
Batting: LHB Lee Pruitt
|
0-0: Swinging Strike 0-1: SINGLE (Groundball, 3D, EV 100.0 MPH)
|
|
Batting: RHB Pat Casey
|
0-0: Called Strike 0-1: Foul Ball, location: 2F 0-2: Fly out, F7 (Line Drive, 7, EV 95.0 MPH)
|
| Bottom of the 4th over - 0 runs, 1 hit, 0 errors, 1 left on base; El Paso 0 - Dallas-Fort Worth 6 |
| TOP OF THE 5TH |
|
El Paso Sun Kings batting - Pitching for Dallas-Fort Worth Rangers : RHP Roy J Thomas
|
|
Batting: RHB Jon Hansen
|
0-0: Called Strike 0-1: Ball 1-1: Ball 2-1: Foul Ball, location: 2F 2-2: Ball 3-2: Foul Ball, location: 2F 3-2: Base on Balls
|
|
Batting: LHB Franklin Lopez
|
0-0: Called Strike Jon Hansen is caught stealing 2nd base 2-6 0-1: Ball 1-1: Ball 2-1: SINGLE (Groundball, 34S, EV 69.4 MPH) (infield hit)
|
|
Batting: RHB Michael Hanson
|
0-0: Foul Ball, location: 2F 0-1: Ball 1-1: Ball 2-1: Swinging Strike 2-2: Strikes out looking
|
|
Batting: SHB Wayne Stone
|
0-0: Ball 1-0: Fly out, F5 (Line Drive, 5, EV 65.0 MPH)
|
| Top of the 5th over - 0 runs, 1 hit, 0 errors, 1 left on base; El Paso 0 - Dallas-Fort Worth 6 |
| BOTTOM OF THE 5TH |
|
Dallas-Fort Worth Rangers batting - Pitching for El Paso Sun Kings : RHP James Rogers
|
|
Batting: RHB Joe Carter
|
0-0: Swinging Strike 0-1: Ground out 6-3 (Groundball, 6, EV 102.5 MPH)
|
|
Batting: LHB Dave Falcone
|
0-0: Called Strike 0-1: Foul Ball, location: 2F 0-2: Ball 1-2: Strikes out swinging
|
|
Batting: LHB Mario Delgado
|
0-0: Called Strike 0-1: Fly out, F8 (Flyball, 8LD, EV 88.8 MPH)
|
| Bottom of the 5th over - 0 runs, 0 hits, 0 errors, 0 left on base; El Paso 0 - Dallas-Fort Worth 6 |
| TOP OF THE 6TH |
|
El Paso Sun Kings batting - Pitching for Dallas-Fort Worth Rangers : RHP Roy J Thomas
|
|
Batting: RHB Vito Lucarelli
|
0-0: DOUBLE (Line Drive, 7LM, EV 105.6 MPH)
|
|
Batting: LHB Leo Sutherland
|
0-0: Swinging Strike 0-1: Ball 1-1: Foul Ball, location: 2F 1-2: Ball 2-2: Ball 3-2: Strikes out swinging
|
|
Batting: RHB Danny Ramires
|
0-0: Ball 1-0: Swinging Strike 1-1: Called Strike 1-2: Ball 2-2: Strikes out swinging
|
|
Batting: LHB Dom Fucci
|
0-0: Called Strike 0-1: Called Strike 0-2: Ball 1-2: Ball 2-2: Ball 3-2: Foul Ball, location: 2F 3-2: SINGLE (Line Drive, 8RS, EV 100.0 MPH) Vito Lucarelli to third Vito Lucarelli scores
|
|
Batting: RHB Paul Szymarek
|
0-0: Foul Ball, location: 2F 0-1: Swinging Strike 0-2: Foul Ball, location: 2F 0-2: Foul Ball, location: 2F 0-2: Ball 1-2: Ball 2-2: Ball 3-2: Fly out, F8 (Flyball, 8LD, EV 100.6 MPH)
|
| Top of the 6th over - 1 run, 2 hits, 0 errors, 1 left on base; El Paso 1 - Dallas-Fort Worth 6 |
| BOTTOM OF THE 6TH |
|
Dallas-Fort Worth Rangers batting - Pitching for El Paso Sun Kings : RHP James Rogers
|
|
Batting: RHB Dave Aponte
|
0-0: Ball 1-0: Swinging Strike 1-1: Ball 2-1: Foul Ball, location: 2F 2-2: SOLO HOME RUN (Flyball, 9D, EV 86.3 MPH), Distance : 348 ft
|
|
Batting: RHB Dave Miele
|
0-0: Ball 1-0: Called Strike 1-1: Called Strike 1-2: Ball 2-2: Ball 3-2: Ground out 3-1 (Groundball, 34, EV 115.0 MPH)
|
|
Batting: RHB Johnnie LeMaster
|
0-0: Called Strike 0-1: TRIPLE (Line Drive, 89XD, EV 101.9 MPH)
|
|
Batting: RHB Phil Bradley
|
0-0: Fly out, F8 (Line Drive, 8RD, EV 85.0 MPH) Runner from 3rd tags up, OUT at HOME! 8-2
|
| Bottom of the 6th over - 1 run, 2 hits, 0 errors, 0 left on base; El Paso 1 - Dallas-Fort Worth 7 |
| TOP OF THE 7TH |
|
El Paso Sun Kings batting - Pitching for Dallas-Fort Worth Rangers : RHP Roy J Thomas
|
|
Pitching: RHP John McDonald
|
|
|
Batting: RHB Jon Hansen
|
0-0: Called Strike 0-1: Foul Ball, location: 2F 0-2: Ball 1-2: TRIPLE (Line Drive, 78XD, EV 101.9 MPH)
|
|
Batting: LHB Franklin Lopez
|
0-0: Hit by Pitch
|
|
Batting: RHB Michael Hanson
|
0-0: Swinging Strike 0-1: Foul Ball, location: 2F 0-2: Foul Ball, location: 2F 0-2: Strikes out swinging
|
|
Batting: SHB Wayne Stone
|
0-0: Fly out, F9 (Flyball, 89M, EV 95.0 MPH)
|
|
Batting: RHB Vito Lucarelli
|
0-0: Ball 1-0: Called Strike Franklin Lopez steals 2nd base 1-1: Fly out, F3 (Line Drive, 3, EV 70.0 MPH)
|
| Top of the 7th over - 0 runs, 1 hit, 0 errors, 2 left on base; El Paso 1 - Dallas-Fort Worth 7 |
| BOTTOM OF THE 7TH |
|
Dallas-Fort Worth Rangers batting - Pitching for El Paso Sun Kings : RHP James Rogers
|
|
Batting: LHB Lee Pruitt
|
0-0: Ball 1-0: Swinging Strike 1-1: Foul Ball, location: 2F 1-2: Fly out, F8 (Flyball, 8LXD, EV 106.9 MPH)
|
|
Batting: RHB Pat Casey
|
0-0: Ball 1-0: Called Strike 1-1: Ball 2-1: Ball 3-1: Base on Balls
|
|
Batting: RHB Joe Carter
|
0-0: Foul Ball, location: 2F 0-1: Ball 1-1: Ball 2-1: Foul Ball, location: 2F 2-2: Foul Ball, location: 2F 2-2: Ball 3-2: Foul Ball, location: 2F 3-2: Fly out, F7 (Flyball, 7D, EV 93.1 MPH)
|
|
Batting: LHB Dave Falcone
|
0-0: Ground out 1-3 (Groundball, 13, EV 69.4 MPH)
|
| Bottom of the 7th over - 0 runs, 0 hits, 0 errors, 1 left on base; El Paso 1 - Dallas-Fort Worth 7 |
| TOP OF THE 8TH |
|
El Paso Sun Kings batting - Pitching for Dallas-Fort Worth Rangers : RHP John McDonald
|
|
Batting: LHB Leo Sutherland
|
0-0: Ball 1-0: Ball 2-0: Ball 3-0: Base on Balls
|
|
Batting: RHB Danny Ramires
|
0-0: Ball 1-0: Ball 2-0: Fielders Choice at 2nd, 4-6 (Groundball, 4M, EV 90.0 MPH)
|
|
Batting: LHB Dom Fucci
|
0-0: Ball Wild Pitch! Danny Ramires to second 1-0: Foul Ball, location: 2F 1-1: Called Strike 1-2: Ball 2-2: Fly out, F9 (Flyball, 9LS, EV 91.9 MPH)
|
|
Batting: RHB Paul Szymarek
|
0-0: Called Strike 0-1: Called Strike 0-2: Strikes out swinging
|
| Top of the 8th over - 0 runs, 0 hits, 0 errors, 1 left on base; El Paso 1 - Dallas-Fort Worth 7 |
| BOTTOM OF THE 8TH |
|
Dallas-Fort Worth Rangers batting - Pitching for El Paso Sun Kings : RHP James Rogers
|
|
Batting: LHB Mario Delgado
|
0-0: Swinging Strike 0-1: Ball 1-1: Swinging Strike 1-2: Foul Ball, location: 2F 1-2: Strikes out swinging
|
|
Batting: RHB Dave Aponte
|
0-0: Called Strike 0-1: Called Strike 0-2: Strikes out swinging
|
|
Batting: RHB Dave Miele
|
0-0: Ball 1-0: Ball 2-0: Called Strike 2-1: SINGLE (Groundball, 6D, EV 94.4 MPH)
|
|
Batting: RHB Johnnie LeMaster
|
0-0: Called Strike 0-1: Foul Ball, location: 2F 0-2: Ball Dave Miele steals 2nd base 1-2: Foul Ball, location: 2F 1-2: Fly out, F8 (Flyball, 8RD, EV 99.4 MPH)
|
| Bottom of the 8th over - 0 runs, 1 hit, 0 errors, 1 left on base; El Paso 1 - Dallas-Fort Worth 7 |
| TOP OF THE 9TH |
|
El Paso Sun Kings batting - Pitching for Dallas-Fort Worth Rangers : RHP John McDonald
|
|
Batting: RHB Jon Hansen
|
0-0: Called Strike 0-1: Fly out, F9 (Flyball, 9S, EV 95.0 MPH)
|
|
Batting: LHB Franklin Lopez
|
0-0: Fly out, F8 (Line Drive, 8LM, EV 110.6 MPH)
|
|
Batting: RHB Michael Hanson
|
0-0: Ball 1-0: SINGLE (Line Drive, 8RS, EV 108.8 MPH)
|
|
Batting: SHB Wayne Stone
|
0-0: Called Strike 0-1: Called Strike 0-2: Ball 1-2: Foul Ball, location: 2F 1-2: Foul Ball, location: 2F 1-2: Ground out 4-3 (Groundball, 4, EV 86.3 MPH)
|
| Top of the 9th over - 0 runs, 1 hit, 0 errors, 1 left on base; El Paso 1 - Dallas-Fort Worth 7 |
|